 Dungeon Crawl Stone Soup version 0.31-a0-1074-g0b22e4e0f1 (webtiles) character file.

Game seed: 15533778969636271012

169921 runemasterragnar the Warrior (level 17, -6/165 HPs)
             Began as an Ogre Fire Elementalist on Nov 26, 2023.
             Was the Champion of Hepliaklqana.
             Mangled by Bai Suzhen (18 damage)
             ... on level 3 of the Spider Nest on Dec 7, 2023.
             The game lasted 01:29:56 (35884 turns).

runemasterragnar the Warrior (OgFE)                Turns: 35884, Time: 01:29:57

Health: -6/165     AC: 13    Str: 18 (19) XL:     17   Next: 68%
Magic:  9/33       EV:  9    Int: 24 (25) God:    Hepliaklqana [******]
Gold:   3065       SH:  0    Dex: 11      Spells: 6/41 levels left

rFire   + + .        g - staff of fire
rCold   . . .        y - +0 kite shield {AC+3}
rNeg    . . .        G - +2 robe {rF+}
rPois   +            d - +0 hat of Serendipity {rCorr Str+3 SInv}
rElec   .            A - +0 cloak "Asoe" {rPois rCorr Int+3 Dex+2}
rCorr   +            (gloves unavailable)
SInv    +            (boots unavailable)
Will    ++...        n - amulet of reflection
Stlth   +            Q - +4 ring of protection
HPRegen 0.47/turn    q - ring of willpower
MPRegen 0.23/turn

%: reflection
@: confused, ambrosia-drunk
A: reduced essence, large, unfitting armour, tough skin 1
}: 1/15 runes: gossamer
a: Renounce Religion, Recall Ancestor, Ancestor Identity, Transference, Idealise


You were on level 3 of the Spider Nest.
You worshipped Hepliaklqana.
Hepliaklqana was exalted by your worship.
You visited 4 branches of the dungeon, and saw 25 of its levels.
You also visited: Sewer and Gauntlet.

You collected 3706 gold pieces.
You spent 641 gold pieces at shops.

Inventory:

Hand Weapons
 O - the +7 broad axe "Fodiwu" {venom, rF+ rC+ rN+++ Str-5}
   (You found it on level 13 of the Dungeon)

   Str-5:     It affects your strength (-5).
   rF+:       It protects you from fire.
   rC+:       It protects you from cold.
   rN+++:     It renders you almost immune to negative energy.
 R - a +4 scimitar of flaming
Missiles
 k - 3 throwing nets
Armour
 a - +0 swamp dragon scales
 d - the +0 hat of Serendipity (worn) {rCorr Str+3 SInv}
   (You found it in a Gauntlet)

   Str+3:     It affects your strength (+3).
   SInv:      It lets you see invisible.
   rCorr:     It protects you from acid and corrosion.
 y - a +0 kite shield of protection (worn)
 A - the +0 cloak "Asoe" (worn) {rPois rCorr Int+3 Dex+2}
   (You bought it in a shop on level 2 of the Dungeon)

   Int+3:     It affects your intelligence (+3).
   Dex+2:     It affects your dexterity (+2).
   rPois:     It protects you from poison rCorr: It protects you from acid and
   corrosion.
 G - a +2 robe of fire resistance (worn)
Magical Staves
 g - a staff of fire (weapon)
Jewellery
 h - a ring of ice
 i - a +5 ring of evasion
 n - an amulet of reflection (around neck)
 q - a ring of willpower (right hand)
 t - a ring of willpower
 B - a ring of fire
 J - a ring of wizardry
 P - a +6 ring of intelligence
 Q - a +4 ring of protection (left hand)
 W - a ring of wizardry
Wands
 C - a wand of iceblast (31)
 L - a wand of flame (21)
Scrolls
 b - a scroll of fear
 p - 3 scrolls of amnesia
 s - a scroll of brand weapon
 v - 4 scrolls of poison
 x - a scroll of torment
 z - a scroll of immolation
 E - 2 scrolls of enchant weapon
 F - 2 scrolls of teleportation
 H - 2 scrolls of silence
 I - a scroll of blinking
 K - 2 scrolls of revelation
 M - 4 scrolls of identify
 T - 2 scrolls of fog
 V - a scroll of vulnerability
 X - 2 scrolls of enchant armour
Potions
 c - 7 potions of mutation
 e - 2 potions of enlightenment
 f - a potion of resistance
 j - 6 potions of curing
 l - 2 potions of berserk rage
 m - 3 potions of invisibility
 o - 3 potions of brilliance
 r - 10 potions of ambrosia
 u - 5 potions of haste
 w - 4 potions of attraction
 D - a potion of heal wounds
 N - 3 potions of lignification
 U - a potion of might
 Y - 3 potions of cancellation


   Skills:
 + Level 15.1 Fighting
 - Level 10.0 Staves
 - Level 1.7 Dodging
 - Level 1.4 Stealth
 + Level 12.0 Shields
 + Level 12.6 Spellcasting
 + Level 6.9 Conjurations
 * Level 4.4 Summonings
 - Level 6.2 Translocations
 + Level 14.9 Fire Magic
 + Level 9.3 Invocations


You had 6 spell levels left.
You knew the following spells:

 Your Spells              Type           Power      Damage    Failure   Level
a - Foxfire               Conj/Fire      100%       2x1d9     1%          1
b - Scorch                Fire           100%       2d9       1%          2
c - Volatile Blastmotes   Fire/Tloc      100%       2d18      1%          3
d - Flame Wave            Conj/Fire      80%        2d17      1%          4
e - Blink                 Tloc           90%        N/A       1%          2
f - Starburst             Conj/Fire      40%        6d11      13%         6
g - Dragon's Call         Summ           18%        N/A       100%        9
h - Ignition              Fire           46%        3d13      71%         8

Your spell library contained the following spells:

 Spells                   Type           Power      Damage    Failure   Level
 Apportation              Tloc           90%        N/A       1%          1
 Lesser Beckoning         Tloc           90%        N/A       1%          2
 Momentum Strike          Conj/Tloc      92%        3d10      1%          2
 Inner Flame              Hex/Fire       66%        N/A       1%          3
 Ignite Poison            Fire/Tmut/Pois 55%        N/A       3%          3
 Dazzling Flash           Conj/Hex       62%        N/A       5%          3
 Stone Arrow              Conj/Erth      62%        3d10      5%          3
 Sting                    Tmut/Pois      60%        1d6       8%          1
 Summon Guardian Golem    Hex/Summ       25%        N/A       9%          3
 Cigotuvi's Dreadful Rot  Necr/Pois/Air  30%        N/A       11%         2
 Jinxbite                 Hex            30%        N/A       11%         2
 Poisonous Vapours        Pois/Air       30%        N/A       11%         2
 Animate Armour           Summ/Erth      50%        N/A       30%         4
 Plasma Beam              Fire/Air       33%        2x1d46    47%         6
 Dispel Undead            Necr           15%        3d10      58%         4
 Olgreb's Toxic Radiance  Pois           15%        N/A       58%         4
 Freezing Cloud           Conj/Ice/Air   13%        6-21      63%         5
 Summon Mana Viper        Hex/Summ       25%        N/A       63%         5
 Agony                    Necr           15%        N/A       90%         5
 Alistair's Intoxication  Tmut/Pois      10%        N/A       90%         5
 Silence                  Hex/Air        7%         N/A       90%         5
 Conjure Ball Lightning   Conj/Air       15%        3x3d6     95%         6
 Death Channel            Necr           7%         N/A       100%        6
 Eringya's Noxious Bog    Tmut/Pois      7%         4d6       100%        6
 Orb of Destruction       Conj           24%        9d9       98%         7
 Spellforged Servitor     Conj/Summ      21%        N/A       99%         7
 Discord                  Hex            7%         N/A       100%        8
 Disjunction              Tloc           22%        N/A       100%        8
 Lehudib's Crystal Spear  Conj/Erth      15%        10d5      100%        8
 Maxwell's Capacitive Co  Air            7%         ∞         100%        8


Dungeon Overview and Level Annotations

Branches:
Dungeon (14/15)            Temple (0/1) D:7            Lair (5/5) D:11
  Swamp (0/4) Lair:3       Spider (4/4) Lair:3        Slime (0/5) Lair:5
    Orc (2/2) D:9             Elf (0/3) Orc:2        Vaults (0/5) D:13
  Sewer (visited)         Gauntlet (visited)

Altars:
Ashenzari
Cheibriados
Fedhas
Hepliaklqana
Kikubaaqudgha
Sif Muna
Trog
Uskayaw
Wu Jian
Zin
Jiyva

Shops:
D:2 [   D:5 (!?[(   D:9 [   Orc:1 [   Orc:2 *((?

Annotations:
D:4 2 transporters, SecretSquirrel's ghost, novice DsGl
D:10 3 runed translucent doors, BigPumpCobain's ghost, journeyman TrSh
Lair:1 2 transporters, xnavy's ghost, journeyman DjAE
Spider:3 Bai Suzhen


Innate Abilities, Weirdness & Mutations

Your life essence is reduced to manifest your ancestor. (-10% HP)
You are too large for most types of armour.
You have tough skin. (AC +1)


Message History

Casting: Starburst (dangerous; 13% risk of failure)
Confirm with . or Enter, or press ? or * to list all spells.
You feel a surge of power!
Flames lash Bai Suzhen but do no damage.
Bai Suzhen is no longer more vulnerable to fire.
Unknown command.
Unknown command.
Casting: Scorch (safe; 1% risk of failure)
Confirm with . or Enter, or press ? or * to list all spells.
Casting: Flame Wave (mildly dangerous; 1% risk of failure)
Press: ? - help, Dir - look around, f - activate You feel a surge of power!
A wave of flame ripples out!
The flame wave engulfs Bai Suzhen!!
Bai Suzhen is severely wounded. (Press . to intensify the flame waves.)
You are engulfed in a thunderstorm.
Bai Suzhen wonders wistfully, "Should I have meditated another thousand years?"
Bai Suzhen bites you but does no damage.
You block Bai Suzhen's attack. Bai Suzhen tramples you.
You hold your ground!
Unknown command.
A wave of flame ripples out!
The flame wave engulfs Bai Suzhen!
Bai Suzhen is severely wounded.
You are engulfed in a thunderstorm.
Bai Suzhen closely misses you. You block Bai Suzhen's attack.
Bai Suzhen tramples you.
You hold your ground!
Unknown command.
A wave of flame ripples out!
The flame wave engulfs Bai Suzhen but does no damage.
Bai Suzhen is severely wounded.
You finish channelling waves of flame.
Bai Suzhen breathes water at you. The torrent of water hits you!!!
* * * LOW HITPOINT WARNING * * *
The wave splashes down.
Splash!
You fall into the shallow water.
You are confused.
You feel invigorated.
You are engulfed in a thunderstorm.
* * * LOW HITPOINT WARNING * * *
Bai Suzhen bites you!!
You die...

#^..#.#......#.^.#^..#.#
#...#.#......######..#..
#.......#...#...##...#..
###........##..#.##...>#
#.#R....#.^#........##..
#..##...#.##............
##..#..##..#.....#..##..
#.....##§§.#........)#^.
#.....~@D§..#...#####...
#...###§§####...#.#.....
#^#.#...##.^...........#
######.........##...#.##
#....<...#.##...###
##.......#.#..#..#
##...#..##.....##
##..###.....#>...#
##...#.###...#^.###


You could see Bai Suzhen (clouds, catching breath).

Vanquished Creatures
  Rupert (Lair:5)
  3 emperor scorpions
  2 ghost moths (Spider:4)
  An orc warlord (Orc:1)
  2 broodmothers
  Nessos (Lair:3)
  A minotaur (Gauntlet)
  A spark wasp (Spider:4)
  2 entropy weavers (Spider:3)
  2 hydras
  An ogre mage (D:13)
  A catoblepas (D:13)
  A jorogumo (Spider:2)
  3 radroaches
  A boulder beetle (D:13)
  A two-headed ogre (D:13)
  3 demonic crawlers
  A skyshark (Lair:4)
  A pharaoh ant (Spider:3)
  2 orb spiders (Spider:4)
  4 steelbarb worms
  2 orc knights (Orc:2)
  13 wolf spiders
  2 ugly things
  A cyclops (D:10)
  2 oklob plants
  7 elephants
  5 black mambas (Lair:5)
  A gargoyle (D:12)
  Maggie (Lair:1)
  3 torpor snails
  2 kobold demonologists
  10 cane toads
  3 komodo dragons
  A rime drake (Lair:5)
  A queen bee (D:10)
  2 meliai
  3 trolls
  7 hornets
  10 tarantellas
  14 blink frogs
  Grinder (D:6)
  8 slime creatures
  13 culicivoras
  9 jumping spiders
  A centaur simulacrum (D:14)
  20 yaks
  6 wyverns
  A vampire (D:10)
  4 basilisks
  23 redbacks
  Eustachio (D:4)
  3 vampire mosquitoes (D:12)
  8 wargs
  2 acid dragons (Lair:5)
  12 water moccasins
  2 ice beasts
  A sky beast (D:7)
  A swamp drake (Lair:5)
  18 orc warriors
  2 black bears
  2 ogres (Orc:2)
  8 centaurs
  A phantom (D:6)
  A kobold brigand (Sewer)
  3 small abominations (Gauntlet)
  6 bullfrogs
  A gnoll sergeant (D:2)
  15 killer bees
  2 electric eels (Lair:1)
  A hound (D:4)
  9 orc priests
  2 iguanas (D:4)
  7 orc wizards
  3 gnolls (D:6)
  7 adders
  A white imp (D:7)
  An ufetubus (Gauntlet)
  A dart slug (D:5)
  68 orcs
  A bat (D:1)
  3 endoplasms
  2 giant cockroaches
  2 jackals
  5 quokkas
  2 ball pythons
  2 frilled lizards
  8 goblins
  14 kobolds
  10 rats
449 creatures vanquished.

Vanquished Creatures (collateral kills)
  A ghost moth (Spider:3)
  A broodmother (Spider:2)
  2 spark wasps
  2 entropy weavers
  A fire dragon (Lair:5)
  Erolcha (D:10)
  A hydra (Lair:4)
  A centaur warrior (D:14)
  A boulder beetle (D:12)
  3 two-headed ogres
  A thrashing horror (Gauntlet)
  3 demonic crawlers
  Urug (Orc:1)
  A skyshark (Lair:5)
  A sixfirhy (Gauntlet)
  A fire crab (Lair:4)
  3 pharaoh ants
  A sun moth (Spider:4)
  A swamp dragon (Lair:5)
  A bog body (Lair:3)
  4 orc knights (Orc:2)
  4 steelbarb worms
  7 wolf spiders
  2 cyclopes
  2 oklob plants (Lair:5)
  3 ugly things
  A moth of wrath (Spider:4)
  2 elephants (Lair:5)
  A guardian serpent (Lair:5)
  A gargoyle (D:12)
  4 black mambas
  7 cane toads
  An unseen horror (D:11)
  A rime drake (Lair:5)
  An efreet (D:13)
  2 kobold demonologists
  3 komodo dragons
  3 trolls
  2 polar bears
  A meliai (Spider:2)
  16 tarantellas
  2 slime creatures (D:12)
  9 blink frogs
  13 jumping spiders
  4 culicivoras
  8 wyverns
  12 yaks
  A wraith (D:12)
  4 basilisks
  3 steam dragons
  3 wargs (Orc:1)
  21 redbacks
  An acid dragon (D:11)
  14 water moccasins
  An ice beast (D:7)
  29 orc warriors
  2 ogres
  3 sky beasts
  2 black bears
  2 centaurs
  5 kobold brigands
  5 bullfrogs
  A small abomination (Gauntlet)
  17 killer bees
  2 orc priests
  3 hounds
  A sleepcap (D:4)
  7 orc wizards
  4 gnolls
  4 river rats
  4 adders
  An ufetubus (Gauntlet)
  A worm (D:4)
  44 orcs
  4 ball pythons
  A bat (D:3)
  3 endoplasms
  2 giant cockroaches
  4 hobgoblins (D:3)
  4 jackals
  7 kobolds
  3 rats (Sewer)
  38 foxfires
395 creatures vanquished.

Vanquished Creatures (others)
  A wolf spider (Spider:4)
  A tarantella (Spider:4)
  A jumping spider (Spider:3)
  An orc warrior (Orc:2)
  2 killer bees (D:10)
  An orc wizard (D:7)
  39 battlemagi
  2 ancestors (D:2)
  1671 foxfires
1719 creatures vanquished.

Grand Total: 2563 creatures vanquished

Notes
Turn   | Place    | Note
-------+----------+-------------------------------------------
     0 | D:1      | runemasterragnar the Ogre Fire Elementalist began the quest
                  | for the Orb.
     0 | D:1      | Reached XP level 1. HP: 16/16 MP: 3/3
    38 | D:1      | Reached skill level 1 in Conjurations
   268 | D:1      | Reached XP level 2. HP: 24/24 MP: 3/5
   388 | D:1      | Found a faded altar of an unknown god.
   394 | D:1      | Prayed at the altar of an unknown god.
   394 | D:1      | Became a worshipper of Hepliaklqana the Forgotten
   394 | D:1      | Reached * piety under Hepliaklqana
   885 | D:2      | Reached XP level 3. HP: 17/28 MP: 1/7
   972 | D:2      | Found Coec Nautokh's Antique Armour Shop.
  1004 | D:2      | Found a snail-covered altar of Cheibriados.
  1212 | D:2      | Reached skill level 1 in Staves
  1212 | D:2      | Reached XP level 4. HP: 36/36 MP: 5/8
  1344 | D:2      | Reached skill level 1 in Fighting
  1368 | D:2      | Noticed a gnoll sergeant
  1368 | D:2      | Found the +5 woodcutter's axe
  1392 | D:2      | Killed a gnoll sergeant
  1393 | D:2      | Reached skill level 1 in Invocations
  1393 | D:2      | Reached XP level 5. HP: 12/43 MP: 2/9
  1833 | D:3      | Reached ** piety under Hepliaklqana
  1834 | D:3      | Remembered your ancestor Nakurtum as a battlemage
  2103 | D:3      | Learned a level 2 spell: Scorch
  2107 | D:3      | Learned a level 3 spell: Volatile Blastmotes
  2112 | D:3      | Learned a level 4 spell: Flame Wave
  2412 | D:4      | Noticed Eustachio
  2425 | D:4      | Killed Eustachio
  2426 | D:4      | Reached skill level 2 in Fighting
  2426 | D:4      | Reached XP level 6. HP: 46/51 MP: 6/11
  2524 | D:4      | Found a glowing drain.
  2532 | D:4      | Reached XP level 7. HP: 59/59 MP: 10/12
  2542 | Sewer    | Entered a sewer
  2785 | Sewer    | Found a white marble altar of Elyvilon.
  2902 | D:4      | Found a transporter.
  2910 | D:4      | Reached skill level 3 in Fighting
  3294 | D:4      | Found a transporter.
  3296 | D:4      | Noticed SecretSquirrel's ghost (novice DsGl)
  3556 | D:5      | Entered Level 5 of the Dungeon
  3556 | D:5      | Found Sodyss's Antique Armour Boutique.
  3563 | D:5      | Found Ykyetycy's Weapon Emporium.
  3614 | D:5      | Found Plog's Weapon Shop.
  3742 | D:5      | Reached XP level 8. HP: 49/67 MP: 5/13
  3822 | D:5      | Found Jaefoab's Distillery.
  3881 | D:5      | Found a bloodstained altar of Trog.
  3908 | D:5      | Found a blossoming altar of Fedhas.
  4011 | D:5      | Found Uden's Magic Scroll Emporium.
  4046 | D:5      | Found a hide-covered altar of Uskayaw.
  4046 | D:5      | Found a hazy altar of Hepliaklqana.
  4064 | D:5      | Found a glowing silver altar of Zin.
  4066 | D:5      | Found an ornate altar of the Wu Jian Council.
  4068 | D:5      | Found an ancient bone altar of Kikubaaqudgha.
  4266 | D:6      | Reached skill level 5 in Fire Magic
  4268 | D:6      | Reached *** piety under Hepliaklqana
  4365 | D:6      | Noticed Grinder
  4370 | D:6      | Killed Grinder
  4371 | D:6      | Reached skill level 4 in Fighting
  4649 | D:6      | Got the Precepts of Sidekicks
  4735 | D:2      | Bought a warped cloak for 199 gold pieces
  4735 | D:2      | Identified the +0 cloak "Asoe" {rPois rCorr Int+3 Dex+2}
                  | (You bought it in a shop on level 2 of the Dungeon)
  4874 | D:7      | Reached XP level 9. HP: 75/76 MP: 13/15
  4879 | D:7      | Reached skill level 5 in Staves
  5030 | D:7      | Reached skill level 5 in Conjurations
  5096 | D:7      | Found a broken altar of Ashenzari.
  5161 | D:7      | Reached skill level 5 in Fighting
  5352 | D:7      | Found a staircase to the Ecumenical Temple.
  5555 | D:7      | Reached skill level 5 in Spellcasting
  5909 | D:7      | Reached **** piety under Hepliaklqana
  6713 | D:8      | Reached XP level 10. HP: 41/88 MP: 13/18
  6855 | D:8      | Reached skill level 6 in Fighting
  7123 | D:5      | Bought a shiny kite shield for 225 gold pieces
  7921 | D:9      | Reached skill level 1 in Translocations
  7989 | D:9      | Noticed a two-headed ogre
  7994 | D:9      | Killed a two-headed ogre
  7995 | D:9      | Reached skill level 1 in Shields
  8041 | D:9      | Noticed a two-headed ogre
  8050 | D:9      | Killed a two-headed ogre
  8195 | D:9      | Found a staircase to the Orcish Mines.
  8433 | D:9      | Found Qoclihuhack's Antique Armour Emporium.
  8587 | D:10     | Entered Level 10 of the Dungeon
  8642 | D:10     | Reached skill level 7 in Fighting
  8691 | D:9      | Reached XP level 11. HP: 27/98 MP: 3/20
  9427 | D:10     | Found a runed translucent gate.
  9428 | D:10     | Found a runed translucent gate.
  9433 | D:10     | Found a runed translucent gate.
  9433 | D:10     | Noticed a glowing orange brain
  9433 | D:10     | Noticed BigPumpCobain's ghost (journeyman TrSh)
  9450 | D:10     | Noticed Erolcha
  9457 | D:10     | Killed Erolcha
  9530 | D:10     | Noticed a cyclops
  9538 | D:10     | Killed a cyclops
  9714 | D:10     | Found a shimmering blue altar of Sif Muna.
  9949 | D:10     | Reached skill level 8 in Fighting
 10421 | D:10     | Found a viscous altar of Jiyva.
 10515 | Orc:1    | Entered Level 1 of the Orcish Mines
 10644 | Orc:1    | Noticed Urug
 10976 | Orc:1    | Killed Urug
 10977 | Orc:1    | Reached skill level 5 in Translocations
 11290 | Orc:1    | Noticed an orc warlord
 11303 | Orc:1    | Killed an orc warlord
 11515 | Orc:1    | Reached XP level 12. HP: 109/109 MP: 18/23
 11601 | Orc:1    | Found Fikoroso's Antique Armour Shoppe.
 11611 | Orc:1    | Bought a runed hat for 161 gold pieces
 11766 | Orc:2    | Entered Level 2 of the Orcish Mines
 11840 | Orc:2    | Learned a level 2 spell: Blink
 12347 | Orc:2    | Reached ***** piety under Hepliaklqana
 12418 | Orc:2    | Reached skill level 9 in Fighting
 12929 | Orc:2    | Found Xoahalu's Weapon Shop.
 12929 | Orc:2    | Found Natuet's Assorted Antiques.
 12936 | Orc:2    | Reached skill level 5 in Shields
 13647 | Orc:2    | Reached skill level 10 in Fire Magic
 13863 | Orc:2    | Found a staircase to the Elven Halls.
 14036 | Orc:2    | Found Caownuog's Antique Weapon Emporium.
 14036 | Orc:2    | Found Ison's Magic Scroll Shop.
 14049 | Orc:2    | Bought a scroll of identify for 28 gold pieces
 14049 | Orc:2    | Bought a scroll of identify for 28 gold pieces
 14281 | D:11     | Found a staircase to the Lair.
 14660 | D:11     | Reached skill level 10 in Fighting
 14667 | D:11     | Learned a level 6 spell: Starburst
 15168 | D:12     | Identified the +7 hand axe of Jidwiul {flame, *Noise +Blink
                  | rC+ Dex+4}
 15196 | D:12     | Reached XP level 13. HP: 110/119 MP: 7/25
 15526 | D:12     | Identified the +10 great mace "Fashysk" {pain, rF- Will++
                  | Dex+8 Stlth+}
 16480 | D:13     | Identified the +7 broad axe "Fodiwu" {venom, rF+ rC+ rN+++
                  | Str-5}
 16710 | D:13     | Found a gate to the Vaults.
 17464 | D:13     | Reached skill level 11 in Fighting
 17999 | Lair:1   | Entered Level 1 of the Lair of Beasts
 18203 | Lair:1   | Found a transporter.
 18350 | Lair:1   | Noticed xnavy's ghost (journeyman DjAE)
 18363 | Lair:1   | Found a transporter.
 18371 | Lair:1   | Noticed Maggie
 18379 | Lair:1   | Killed Maggie
 19135 | Lair:2   | Reached ****** piety under Hepliaklqana
 19145 | Lair:2   | Reached skill level 10 in Staves
 19684 | Lair:3   | Reached XP level 14. HP: 131/131 MP: 14/27
 19812 | Lair:3   | Reached skill level 5 in Invocations
 19906 | Lair:3   | Reached skill level 10 in Spellcasting
 20215 | Lair:3   | Noticed Nessos
 20245 | Lair:3   | Identified the +0 helmet of Distant Shores {+Blink rC+
                  | Int+6 Dex-2}
 20725 | Lair:3   | Found a staircase to the Swamp.
 20824 | Lair:3   | Reached skill level 12 in Fighting
 20866 | Lair:3   | Found a hole to the Spider Nest.
 20942 | Lair:3   | Killed Nessos
 22625 | Lair:5   | Entered Level 5 of the Lair of Beasts
 22851 | Lair:5   | Found a viscous altar of Jiyva.
 22862 | Lair:5   | Found a staircase to the Slime Pits.
 22890 | Lair:5   | Found a gate leading to a gauntlet.
 22891 | Lair:5   | Noticed Rupert
 22899 | Gauntlet | Entered a Gauntlet
 22899 | Gauntlet | Found a transporter.
 22899 | Gauntlet | Found a transporter.
 23036 | Gauntlet | Found a transporter.
 23039 | Gauntlet | Found a transporter.
 23047 | Gauntlet | Found a transporter.
 23049 | Gauntlet | Found the +2 pair of slick slippers {slick, slippery, EV+4}
 23051 | Gauntlet | Found a transporter.
 23059 | Gauntlet | Found a transporter.
 23076 | Gauntlet | Found a transporter.
 23090 | Gauntlet | Found a transporter.
 23094 | Gauntlet | Found a transporter.
 23103 | Gauntlet | Found a transporter.
 23106 | Gauntlet | Found a transporter.
 23391 | Gauntlet | Identified the +0 hat of Serendipity {rCorr Str+3 SInv}
 23614 | Gauntlet | Got the Omnibus of Tainted Wildfire
 24449 | Lair:5   | Reached XP level 15. HP: 135/142 MP: 25/29
 24560 | Lair:5   | Reached skill level 13 in Fighting
 25554 | Lair:5   | Killed Rupert
 26306 | Lair:5   | Identified a scroll of acquirement
 26307 | Lair:5   | Acquired 1234 gold pieces
 26838 | Spider:1 | Entered Level 1 of the Spider Nest
 26840 | Spider:1 | Reached skill level 10 in Shields
 26840 | Spider:1 | Reached XP level 16. HP: 153/153 MP: 31/31
 29230 | Spider:2 | Reached skill level 14 in Fighting
 31642 | Spider:3 | Reached XP level 17. HP: 63/163 MP: 9/33
 31864 | Spider:3 | Learned a level 9 spell: Dragon's Call
 31889 | Spider:3 | Reached skill level 1 in Summonings
 32596 | Spider:3 | Learned a level 8 spell: Ignition
 33163 | Spider:3 | Identified the +2 falchion "Wayhuazi" {flame, Dex+4}
 33884 | Spider:4 | Entered Level 4 of the Spider Nest
 34297 | Spider:4 | Noticed Bai Suzhen
 35308 | Spider:4 | Reached skill level 15 in Fighting
 35585 | Spider:4 | Got a gossamer rune of Zot
 35884 | Spider:3 | HP: 7/165 [Bai Suzhen] (23)]
 35884 | Spider:3 | Mangled by Bai Suzhen

Illustrated notes

Levels and vault maps discovered:
D:1:      wander_arrival_estate, layout_loops_ring,
          hellmonk_ecumenical_altar_heavens_door
D:2:      layout_loops_ring, basic_altar, serial_shops, shop,
          nicolae_kite_square_tiling_tiny, minmay_misc_feat_rows,
          pf_guarded_unrand_woodcutter
D:3:      layout_rooms
D:4:      layout_loops_ring, gammafunk_ghost_arena, portal_sewer_entry_a,
          st_stairs_11, uniq_eustachio
D:5:      layout_rooms, fedhas_bush_and_centaur_altar,
          mainiacjoe_overflow_small_starburst,
          chequers_temple_overflow_minitemple, serial_shops,
          nicolae_shop_rolled_up, nicolae_shop_bloodbath_and_beyond, shop, shop,
          nicolae_shop_pleasant_corner_grove
D:6:      lemuel_ice_spiral_2, layout_rooms, uniq_grinder
D:7:      layout_layer_cave, ashenzari_conservatory_becter, temple_fountains,
          minmay_misc_feat_square
D:8:      wander_river, layout_loops_cross, serial_aquarium,
          aquarium_bridge_long_joined [aquarium_subvault_wall,
          aquarium_subvault_bridge, aquarium_subvault_window,
          aquarium_subvault_window, aquarium_subvault_wall,
          aquarium_subvault_wall], aquarium_window_fake, aquarium_window_1,
          aquarium_window_1, aquarium_view_4, aquarium_pool_1, special_room
          [special_room_orc]
D:9:      layout_loops_cross, orc_0_dummy, serial_shops,
          nicolae_shop_hallway_stairs
D:10:     layout_roguey [special_room_bee], mainiacjoe_overflow_boulevard,
          gammafunk_ghost_ooze, hex_medium, lightli_minifort, uniq_erolcha
D:11:     layout_loops_ring, lair_entry_dummy
D:12:     layout_small_grid
D:13:     layout_gridville, david_vaults_2
D:14:     layout_roguey
Lair:1:   layout_gridlike, gammafunk_ghost_berserking_beasts,
          serial_bayou_shore_a, uniq_maggie
Lair:2:   layout_misc_corridors, lemuel_fruit_fields
Lair:3:   layout_chaotic_city, skrybe_swamp_entry_bodies,
          hellmonk_spider_entry_life_and_decay, uniq_nessos
Lair:4:   layout_misc_corridors, serial_rivers, chequers_serial_rivers_room_b,
          chequers_serial_rivers_small_3, chequers_serial_rivers_small_3,
          chequers_serial_rivers_micro_b, chequers_serial_rivers_micro_e,
          chequers_serial_rivers_large_a, nicolae_quartered_pool_medium
Lair:5:   guppyfry_lair_end_dragon, layout_cave_pods,
          hangedman_lair_tendril_chambers, minmay_slime_entry_oklob_open,
          gauntlet_entry_generic, uniq_rupert
Spider:1: layout_chambers, hangedman_spider_tarantella_strand
Spider:2: layout_chambers
Spider:3: nicolae_spider_hilbert_zone_6 [nicolae_spider_hilbert_4_sides_1_open,
          nicolae_spider_hilbert_4_sides_1_open,
          nicolae_spider_hilbert_4_sides_1_open,
          nicolae_spider_hilbert_4_sides_1_open,
          nicolae_spider_hilbert_4_sides_1_open,
          nicolae_spider_hilbert_4_sides_1_open,
          nicolae_spider_hilbert_4_sides_1_open]
Spider:4: spider_rune_water, uniq_bai_suzhen
Orc:1:    layout_diamond_mine, serial_shops, shop, nicolae_orc_tapped_out,
          uniq_urug
Orc:2:    st_orc_town, layout_caves

Skill      XL: |  1  2  3  4  5  6  7  8  9 10 11 12 13 14 15 16 17 |
---------------+----------------------------------------------------+-----
Conjurations   | 1 2 3 4 5 6 |  6.9
Fire Magic     | 3 4 5 6 7 9 10 11 13 14 | 14.9
Staves         | 1 2 3 4 6 7 8 9 10 | 10.0
Fighting       | 1 2 3 4 5 7 8 10 11 12 13 14 15 | 15.1
Spellcasting   | 3 4 5 6 7 8 9 10 11 12 | 12.6
Invocations    | 1 2 3 4 6 7 8 9 |  9.3
Translocations | 3 5 6 |  6.2
Shields        | 2 4 5 7 8 10 11 12 | 12.0
Summonings     | 4 |  4.4
Dodging        | |  1.7
Stealth        | |  1.4

Action                     |  1- 3 |  4- 6 |  7- 9 | 10-12 | 13-15 | 16-18 || total
---------------------------+-------+-------+-------+-------+-------+-------++-------
  Melee: Unarmed           |    25 |       |       |       |       |       ||    25
         Staff             |    18 |    36 |    84 |   163 |   177 |   106 ||   584
         Punch             |       |     1 |     1 |       |       |       ||     2
   Cast: Foxfire           |    33 |    44 |   141 |   276 |   375 |   155 ||  1024
         Scorch            |       |       |    10 |   123 |   220 |   176 ||   529
         Volatile Blastmot |       |       |     1 |     6 |     5 |     1 ||    13
         Flame Wave        |       |       |       |    10 |    24 |    34 ||    68
         Starburst         |       |       |       |       |     4 |    19 ||    23
         Blink             |       |       |       |       |     1 |       ||     1
 Invoke: Ancestor Identity |     1 |       |       |       |       |       ||     1
         Ancestor Life: Ba |       |     1 |       |       |       |       ||     1
         Transference      |       |       |       |     1 |       |       ||     1
         Recall Ancestor   |       |       |       |       |     4 |     1 ||     5
         Idealise          |       |       |       |       |     1 |     1 ||     2
  Evoke: Wand              |       |       |       |    17 |    10 |    28 ||    55
    Use: Scroll            |       |     2 |     7 |    10 |    17 |     3 ||    39
         Potion            |       |       |       |     4 |     9 |     5 ||    18
   Stab: Sleeping          |     1 |     1 |     1 |       |       |       ||     3
         Distracted        |       |       |       |     3 |     7 |       ||    10
         Invisible         |       |       |       |       |     2 |       ||     2
 Armour: Robe              |    53 |    33 |    56 |   221 |   312 |   383 ||  1058
  Dodge: Dodged            |    34 |    15 |    39 |    91 |    79 |   133 ||   391
  Block: Other             |       |     6 |    24 |     5 |       |       ||    35
         Reflection        |       |       |     6 |    15 |    11 |     1 ||    33
         Kite shield       |       |       |       |   298 |   347 |   372 ||  1017

Table legend: (Time is in decaauts)
 A = Elapsed time spent in this place.
 B = Non-inter-level travel time spent in this place.
 C = Inter-level travel time spent in this place.
 D = Time resting spent in this place.
 E = Time spent auto-exploring this place.
 F = Levels seen in this place.
 G = Mean time per level.
                   A        B        C        D        E       F      G
               +--------+--------+--------+--------+--------+-----+--------+
         Total |  35844 |  34705 |   1139 |   7596 |  21398 |  27 | 1327.6 |
       Dungeon |  14370 |  13674 |    696 |   1567 |  10132 |  14 | 1026.4 |
          Lair |   8083 |   7888 |    195 |   1539 |   5009 |   5 | 1616.6 |
   Spider Nest |   9050 |   8860 |    190 |   3296 |   4390 |   4 | 2262.5 |
  Orcish Mines |   3349 |   3293 |     56 |    897 |   1557 |   2 | 1674.5 |
         Sewer |    290 |    290 |      0 |      0 |    217 |   1 |  290.0 |
      Gauntlet |    700 |    700 |      0 |    297 |     93 |   1 |  700.0 |
               +--------+--------+--------+--------+--------+-----+--------+

Top non-repeatable levels by time:
Spider:3: 2852 daAuts
  Lair:5: 2807 daAuts
Spider:2: 2540 daAuts
Spider:1: 2143 daAuts
  Lair:3: 1883 daAuts
  Lair:4: 1723 daAuts
   Orc:1: 1685 daAuts
   Orc:2: 1664 daAuts
    D:10: 1548 daAuts
     D:9: 1545 daAuts
Spider:4: 1514 daAuts
     D:8: 1460 daAuts
     D:7: 1400 daAuts
    D:13: 1356 daAuts
    D:12: 1352 daAuts
